 Dungeon Sprint DCSS version 0.29.1-14-g9c671dbff4 (webtiles) character file.

Game seed: 16967078528824233335

149 Groucho the Covert (level 5, 0/24 HPs)
             Began as a Spriggan Enchanter on Feb 18, 2023.
             Was a Priest of Kikubaaqudgha.
             Slain by a jackal (1 damage)
             ... in the Dungeon (Sprint VII: "The Pits").
             The game lasted 00:02:58 (942 turns).

Groucho the Covert (Spriggan Enchanter)              Turns: 942, Time: 00:02:59

Health: 0/24       AC:  2    Str:  6      XL:     5   Next: 9%
Magic:  14/14      EV: 17    Int: 16      God:    Kikubaaqudgha [***...]
Gold:   0          SH:  0    Dex: 13 (16) Spells: 13/15 levels left

rFire   . . .      SeeInvis +   e - +1 dagger (venom)
rCold   . . .      Faith    .   (no shield)
rNeg    . . .      Spirit   .   b - +0 robe
rPois   .          Reflect  .   (helmet restricted)
rElec   .          Harm     .   (no cloak)
rCorr   .          Rampage  .   (gloves unavailable)
Will    .....      NoTele   +   (boots unavailable)
Stlth   ++++......              (no amulet)
HPRegen 0.08/turn               (no ring)
MPRegen 0.14/turn               (no ring)

@: very quick
A: very small, no large weapons, unfitting armour, see invisible, speed 3
a: Renounce Religion, Unearth Wretches


You were in the Dungeon.
You worshipped Kikubaaqudgha.
Kikubaaqudgha was most pleased with you.
You visited 1 branch

Inventory:

Hand Weapons
 e - a +1 dagger of venom (weapon)
 l - a +2 dagger
Armour
 b - a +0 robe (worn)
Scrolls
 i - a scroll of blinking
 j - 5 scrolls of amnesia
 k - a scroll of summoning
Potions
 a - 5 potions of heal wounds
 c - 4 potions of invisibility
 d - 6 potions of curing
 f - a potion of haste
 g - 4 potions of magic
 h - 3 potions of berserk rage


   Skills:
 + Level 4.6 Short Blades
 - Level 2.6 Dodging
 * Level 10.5 Stealth
 + Level 5.7 Spellcasting
 + Level 6.2 Hexes
 + Level 2.8 Necromancy


You had 13 spell levels left.
You knew the following spells:

 Your Spells              Type           Power      Damage    Failure   Level
a - Ensorcelled Hibernat  Hex/Ice        28%        N/A       6%          2

Your spell library contained the following spells:

 Spells                   Type           Power      Damage    Failure   Level
 Confusing Touch          Hex            24%        N/A       3%          3
 Tukima's Dance           Hex            24%        N/A       3%          3
 Necrotise                Necr           52%        1d6       4%          1
 Dazzling Flash           Conj/Hex       28%        N/A       12%         3
 Vampiric Draining        Necr           13%        2d6       13%         3
 Anguish                  Hex/Necr       9%         N/A       22%         4
 Animate Dead             Necr           13%        N/A       41%         4
 Dispel Undead            Necr           13%        3d9       41%         4
 Corpse Rot               Necr/Pois/Air  7%         N/A       67%         4
 Agony                    Necr           13%        N/A       77%         5
 Death Channel            Necr           6%         N/A       100%        6
 Simulacrum               Ice/Necr       4%         N/A       100%        6


Dungeon Overview and Level Annotations

Branches:
Dungeon (1/1)

Altars:
Ashenzari
Cheibriados
Dithmenos
Elyvilon
Fedhas
Gozag
Hepliaklqana
Kikubaaqudgha
Makhleb
Nemelex Xobeh
Okawaru
Qazlal
Ru
Sif Muna
Trog
Uskayaw
Vehumet
Wu Jian
Xom
Yredelemnul
Zin
The Shining One
Jiyva
Lugonu

Annotations:
D Jessica


Innate Abilities, Weirdness & Mutations

You are very small and have problems with some larger weapons.
You are too small for most types of armour.
You have supernaturally acute eyesight. (SInv)
You cover ground extremely quickly. (Speed+++)


Message History

You feel clumsy. The jackal barely misses you. The quasit bites you.
You feel clumsy. The quasit misses you. x2
The quasit bites you. The quasit closely misses you.
The quasit claws you but does no damage.
The kobold brigand throws a poisoned dart.
The poisoned dart hits you.
You are poisoned.
You feel sick.
A jackal comes into view.
You feel sick.
Jessica mumbles some strange words.
Jessica blinks!
You feel sick.
You barely miss the kobold brigand.
You feel sick.
The kobold brigand hits you with a +0 short sword.
You barely miss the kobold brigand.
You feel sick. The jackal misses you.
The quasit bites you but does no damage.
The quasit claws you but does no damage.
The quasit barely misses you. The kobold brigand barely misses you.
You feel sick.
You are no longer poisoned.
The kobold brigand closely misses you.
Jessica gestures wildly while chanting.
Jessica blinks!
The jackal barks!
Jessica gestures wildly while chanting.
Jessica blinks!
You hit the jackal.
The jackal is moderately wounded.
The jackal misses you. The jackal completely misses you.
You hit the jackal but do no damage.
The jackal is poisoned.
The jackal is moderately wounded.
The kobold brigand hits you with a +0 short sword!
* * * LOW HITPOINT WARNING * * *
The jackal closely misses you. The jackal bites you.
You die...
Kikubaaqudgha rasps: "You have failed me!
Welcome... death!"

########### _________.#
_________.#
_______...###########++######
#########'##................#
.?(.')))'.##......#§.#......#
#########.##.....K...@......+
.....@.....'...h@h..........+
'#####'#####.....5#..#......#
.#..#..#).##..........§.....#
.#..').'..#####'#####++######
5##÷####'###.......#
h#........##.......#
.#........##.......#
.#####'#####...<...#
.#..[.))..##.......#


You could see a kobold brigand, a quasit, Jessica and 2 jackals.

Vanquished Creatures
  A floating eye (D)
  4 river rats (D)
  A worm (D)
  A goblin (D)
  A hobgoblin (D)
  A jackal (D)
  2 bats (D)
  A kobold (D)
12 creatures vanquished.

Notes
Turn   | Place    | Note
-------+----------+-------------------------------------------
     0 | D        | Groucho the Spriggan Enchanter began the quest for the Orb.
     0 | D        | Reached XP level 1. HP: 9/9 MP: 5/5
    13 | D        | Reached skill level 6 in Stealth
    13 | D        | Reached XP level 2. HP: 13/13 MP: 7/7
    38 | D        | Found a bloodstained altar of Trog.
    38 | D        | Found a shimmering blue altar of Sif Muna.
    38 | D        | Found a viscous altar of Jiyva.
    38 | D        | Found a hazy altar of Hepliaklqana.
    38 | D        | Found an opulent altar of Gozag.
    39 | D        | Found a glowing golden altar of the Shining One.
    39 | D        | Found a glowing silver altar of Zin.
    39 | D        | Found a basalt altar of Yredelemnul.
    39 | D        | Found a shimmering altar of Xom.
    39 | D        | Found an ornate altar of the Wu Jian Council.
    39 | D        | Found a sacrificial altar of Ru.
    39 | D        | Found a stormy altar of Qazlal.
    39 | D        | Found an iron altar of Okawaru.
    39 | D        | Found a sparkling altar of Nemelex Xobeh.
    39 | D        | Found a burning altar of Makhleb.
    39 | D        | Found a blossoming altar of Fedhas.
    39 | D        | Found a white marble altar of Elyvilon.
    39 | D        | Found a shadowy altar of Dithmenos.
    39 | D        | Found a snail-covered altar of Cheibriados.
    41 | D        | Found a radiant altar of Vehumet.
    41 | D        | Found a corrupted altar of Lugonu.
    42 | D        | Found a hide-covered altar of Uskayaw.
    42 | D        | Found an ancient bone altar of Kikubaaqudgha.
    42 | D        | Found a broken altar of Ashenzari.
    53 | D        | Became a worshipper of Kikubaaqudgha
    78 | D        | Reached * piety under Kikubaaqudgha
    78 | D        | Received a gift from Kikubaaqudgha
    86 | D        | Learned a level 2 spell: Ensorcelled Hibernation
   103 | D        | Reached skill level 7 in Stealth
   476 | D        | Noticed a floating eye
   478 | D        | Killed a floating eye
   478 | D        | Reached ** piety under Kikubaaqudgha
   479 | D        | Reached skill level 10 in Stealth
   479 | D        | Reached skill level 5 in Spellcasting
   479 | D        | Reached XP level 3. HP: 16/16 MP: 7/10
   479 | D        | Reached XP level 4. HP: 21/21 MP: 8/12
   505 | D        | Reached XP level 5. HP: 24/24 MP: 0/14
   874 | D        | Noticed Jessica
   874 | D        | Noticed a flying skull
   877 | D        | Reached *** piety under Kikubaaqudgha
   877 | D        | Received a gift from Kikubaaqudgha
   942 | D        | HP: 1/24 [kobold brigand/+0 short sword (9)]
   942 | D        | Slain by a jackal

Illustrated notes

Levels and vault maps discovered:
D:        pitsprint [storerooms_1, entrance_room_1, metal_vault_4, armoury_2,
          mini_pit_1, grid_room_1, main_hall_1, silver_pit, the_coven_2,
          the_vestibule_1, steel_vault_5, golden_pit, hallway_of_sentries,
          crystal_vault_2, iron_vault_2, final_vault]

Skill      XL: |  1  2 |
---------------+-------+-----
Short Blades   | 2 4 |  4.6
Stealth        | 6 10 | 10.5
Spellcasting   | 3 5 |  5.7
Hexes          | 4 6 |  6.2
Necromancy     | 2 |  2.8
Dodging        | |  2.6

Action                   |  1- 3 |  4- 6 || total
-------------------------+-------+-------++-------
Melee: Dagger            |    15 |     9 ||    24
 Cast: Ensorcelled Hiber |     1 |     5 ||     6
  Use: Potion            |     1 |       ||     1
 Stab: Sleeping          |     5 |     5 ||    10
Armor: Robe              |     1 |     4 ||     5
Dodge: Dodged            |     9 |    22 ||    31
